 Dungeon Crawl Stone Soup version 0.27-a0-789-g6bb3289e1e (webtiles) character file.

Game seed: 812706301763821631

10647 Hasart the Tainter (level 11, -14/78 HPs)
             Began as a Mummy Venom Mage on Mar 26, 2021.
             Was a Believer of Ashenzari.
             Demolished by a boulder beetle (26 damage)
             ... on level 11 of the Dungeon.
             The game lasted 00:38:30 (13369 turns).

Hasart the Tainter (Mummy Venom Mage)              Turns: 13369, Time: 00:38:30

Health: -14/78     AC:  5    Str: 17    XL:     11   Next: 38%
Magic:  17/23      EV: 14    Int: 19    God:    Ashenzari [**....]
Gold:   131        SH:  0    Dex: 12    Spells: 1/26 levels left

rFire    . . .     SeeInvis +   k - +3 falchion of Ashenzari's Adversity {elec, Alch, Melee} (curse)
rCold    + . .     Faith    .   (no shield)
rNeg     + + +     Spirit   .   v - +0 troll leather armour of Star-Bound Wisdom {Regen+, Cun, Bglg} (curse)
rPois    ∞         Reflect  .   d - +0 helmet of Ashenzari's Adversity {Alch, Evo} (curse)
rElec    +         Harm     .   (no cloak)
rCorr    .         Rampage  .   (no gloves)
Will     +....                  (no boots)
Stlth    ++........             (no amulet)
HPRegen  1.23/turn              e - +6 ring of strength
MPRegen  0.18/turn              i - ring "Eternal Entitlement" {rElec rF+, Fort, Elem} (curse)

@: no status effects
A: cold resistance 1, negative energy resistance 3, torment resistance 2,
unbreathing 1, heat vulnerability 1, no potions
a: Renounce Religion, Shatter the Chains


You were on level 11 of the Dungeon.
You worshipped Ashenzari.
Ashenzari was pleased with you.
You visited 1 branch of the dungeon, and saw 11 of its levels.
You also visited: Bailey.

You collected 906 gold pieces.
You spent 775 gold pieces at shops.

Inventory:

Hand Weapons
 k - the cursed +3 falchion of Ashenzari's Adversity (weapon) {elec, Alch, Melee}
   (You found it on level 3 of the Dungeon)

   Occasionally, upon striking a foe, it can discharge electrical energy and
   cause terrible harm.
   It has a curse which improves the following skills: Alchemy: Poison Magic and
   Transmutations.
   Melee Combat: Short Blades, Long Blades, Axes, Maces & Flails, Polearms,
   Staves and Unarmed Combat.
Armour
 d - the cursed +0 helmet of Ashenzari's Adversity (worn) {Alch, Evo}
   (You found it on level 1 of the Dungeon)

   It has a curse which improves the following skills: Alchemy: Poison Magic and
   Transmutations.
   Evocations: Evocations.
 s - a +3 chain mail of willpower
 v - the cursed +0 troll leather armour of Star-Bound Wisdom (worn) {Regen+, Cun, Bglg}
   (You found it on level 10 of the Dungeon)

   It increases your rate of regeneration.
   It has a curse which improves the following skills: Cunning: Dodging and
   Stealth.
   Beguiling: Conjurations, Hexes and Translocations.
Jewellery
 e - a +6 ring of strength (right hand)
 i - the cursed ring "Eternal Entitlement" (left hand) {rElec rF+, Fort, Elem}
   (You acquired it on level 5 of the Dungeon)

   [ring of protection from fire]

   It protects you from fire.
   It insulates you from electricity.
   It has a curse which improves the following skills: Fortitude: Armour and
   Shields.
   Elements:  Fire Magic, Ice Magic, Air Magic and Earth Magic.
 l - a ring of protection from cold
Wands
 q - a wand of charming (7)
Scrolls
 a - 6 scrolls of magic mapping
 b - 2 scrolls of vulnerability
 c - 7 scrolls of teleportation
 f - 5 scrolls of noise
 g - a scroll of torment
 h - 2 scrolls of amnesia
 j - 4 scrolls of identify
 m - 4 scrolls of fear
 n - 2 scrolls of fog
 r - a scroll of blinking
 t - 2 scrolls of enchant armour
 u - 2 scrolls of silence


   Skills:
 + Level 4.5 Fighting
 - Level 2.7(4.0) Armour
 + Level 5.7(7.2) Dodging
 - Level 1.5(2.6) Stealth
 - Level 2.7(4.0) Shields
 + Level 8.3 Spellcasting
 - Level 3.0(4.2) Conjurations
 + Level 2.0 Summonings
 + Level 5.4(7.7) Transmutations
 - Level 3.0(4.2) Fire Magic
 + Level 2.0(3.1) Ice Magic
 - Level 3.0(4.2) Air Magic
 * Level 8.3(10.6) Poison Magic


You had one spell level left.
You knew the following spells:

 Your Spells              Type           Power      Damage    Failure   Level
a - Sting                 Tmut/Pois      100%       1d8       1%          1
b - Poisonous Vapours     Pois/Air       72%        N/A       1%          2
c - Mephitic Cloud        Conj/Pois/Air  32%        N/A       2%          3
d - Ignite Poison         Fire/Tmut/Pois 36%        N/A       1%          3
e - Olgreb's Toxic Radia  Pois           48%        N/A       1%          4
f - Blink                 Tloc           N/A        N/A       14%         2
g - Summon Ice Beast      Ice/Summ       17%        N/A       34%         4
q - Eringya's Noxious Bo  Tmut/Pois      21%        N/A       36%         6

Your spell library contained the following spells:

 Spells                   Type           Power      Damage    Failure   Level
 Magic Dart               Conj           96%        1d7       1%          1
 Summon Small Mammal      Summ           60%        N/A       4%          1
 Animate Skeleton         Necr           14%        N/A       11%         1
 Pain                     Necr           28%        1d5       11%         1
 Conjure Flame            Conj/Fire      24%        6-21      5%          3
 Call Imp                 Summ           15%        N/A       7%          2
 Alistair's Intoxication  Tmut/Pois      28%        N/A       7%          5
 Call Canine Familiar     Summ           15%        N/A       14%         3
 Slow                     Hex            8%         N/A       16%         2
 Summon Guardian Golem    Hex/Summ       12%        N/A       21%         3
 Summon Lightning Spire   Summ/Air       19%        N/A       28%         4
 Vampiric Draining        Necr           3%         2d6       32%         3
 Yara's Violent Unravell  Hex/Tmut       11%        3d6       50%         5
 Cause Fear               Hex            4%         N/A       69%         4
 Animate Dead             Necr           3%         N/A       71%         4
 Silence                  Hex/Air        8%         N/A       75%         5
 Agony                    Necr           7%         N/A       96%         5
 Discord                  Hex            4%         N/A       100%        8
 Spider Form              Tmut/Pois      Unusable   N/A       N/A         3

Dungeon Overview and Level Annotations

Branches:
Dungeon (11/15)            Temple (0/1) D:5            Lair (0/6) D:8
    Orc (0/2) D:9          Bailey (visited)

Altars:
Ashenzari
Cheibriados
Fedhas
Gozag
Makhleb
Nemelex Xobeh
Okawaru
Ru
Trog
Uskayaw
Vehumet
Wu Jian
Xom
Yredelemnul

Shops:
D:5 *   D:7 =

Annotations:
D:7 3 runed translucent doors, PeterLawrence's ghost, novice MiBe; feelmyfire's ghost, novice MfGl


Innate Abilities, Weirdness & Mutations

You are immune to poison.
Your flesh is cold resistant. (rC+)
You are immune to negative energy. (rN+++)
You are immune to unholy pain and torment.
You can survive without breathing.
You are vulnerable to heat. (rF-)
You do not drink.


Message History

Unknown command.
Unknown command.
Unknown command.
The orc wizard looks as sick as possible!
The orc wizard looks even sicker.
Your toxic aura wanes.
You kill the orc wizard!
The boulder beetle is engulfed in noxious fumes.
The boulder beetle appears confused.
The boulder beetle is engulfed in noxious fumes.
The boulder beetle appears confused.
The boulder beetle misses you.
The boulder beetle stops rolling and uncurls.
A centaur comes into view.
Found a +0 ring mail.
You strike the helpless boulder beetle from behind!
You hit the boulder beetle.
The boulder beetle is moderately wounded.
You kill the orc wizard!
The boulder beetle is engulfed in noxious fumes.
The boulder beetle appears confused.
The boulder beetle bites you!! The acid dragon spits acid at you.
The splash of acid hits you!
You are splashed with acid!
Unknown command.
Casting: Mephitic Cloud (mildly dangerous; 2% risk of failure)
Confirm with . or Enter, or press ? or * to list all spells.
Okay, then.
The centaur wields a +0 shortbow.
The centaur shoots an arrow.
The arrow completely misses you.
The boulder beetle is engulfed in noxious fumes.
The centaur shoots an arrow.
The arrow hits you!
* * * LOW HITPOINT WARNING * * *
Unknown command.
The centaur shoots an arrow.
The arrow hits you!
* * * LOW HITPOINT WARNING * * *
There is a stone staircase leading up here.
Unknown command.
The centaur shoots an arrow.
The arrow hits you.
* * * LOW HITPOINT WARNING * * *
The boulder beetle bites you!!
You die...

* * * , , , , *
*** .., * ,. ,
..### , , ,..,
.....###### # ..
, , ..........
.#.# ,
.....<...##...#
, * ,
,..............+
, ......°.B@.# ,
* * ,
[..........#*, *
, * *
,........)..# *
, .......))..#,
* .<.........#
,, , , ,
*.....)...D...,,
* , ,,
.............. ,
* ,
#...c..........,
#.........?./..


You could see a boulder beetle (confused, poisoned), an acid dragon (catching
breath) and a centaur.

Vanquished Creatures
  A boulder beetle (D:8)
  2 two-headed ogres (D:9)
  An ugly thing (D:9)
  A kobold demonologist (D:9)
  A troll (D:10)
  Grinder (D:4)
  A vampire (D:9)
  2 shadows
  2 wyverns (D:9)
  3 wraiths (D:8)
  Eustachio (D:4)
  8 yaks
  A steam dragon (D:8)
  4 water moccasins (D:5)
  2 sky beasts (D:5)
  Duvessa (D:5)
  8 orc warriors
  A hornet zombie (D:7)
  2 necrophages
  A black bear (D:5)
  4 centaurs
  2 phantoms (D:6)
  2 kobold brigands
  3 bullfrogs
  A gnoll sergeant (D:10)
  3 scorpions
  Dowan (D:5)
  11 killer bees
  4 wights (D:9)
  A lava snake (D:9)
  2 bullfrog zombies
  6 centaur zombies
  3 hounds
  3 bullfrog skeletons
  4 orc priests
  A centaur skeleton (D:6)
  3 iguanas
  11 orc wizards
  Terence (D:2)
  A killer bee zombie (D:8)
  A hound skeleton (D:4)
  Robin (D:4)
  6 gnolls
  9 adders
  2 white imps
  An ufetubus (D:4)
  An adder skeleton (D:4)
  3 worms
  4 dart slugs
  30 orcs
  4 ball pythons
  7 bats
  12 endoplasms
  8 giant cockroaches
  16 goblins
  13 hobgoblins
  31 kobolds
  2 quokkas
  4 frilled lizards
  11 rats
277 creatures vanquished.

Vanquished Creatures (others)
  6 withered plants (D:7)
6 creatures vanquished.

Grand Total: 283 creatures vanquished

Notes
Turn   | Place    | Note
-------+----------+-------------------------------------------
     0 | D:1      | Hasart the Mummy Venom Mage began the quest for the Orb.
     0 | D:1      | Reached XP level 1. HP: 13/13 MP: 4/4
   425 | D:1      | Reached skill level 1 in Transmutations
   515 | D:1      | Reached XP level 2. HP: 19/19 MP: 3/5
   921 | D:1      | Learned a level 2 spell: Poisonous Vapours
   936 | D:1      | Reached XP level 3. HP: 24/24 MP: 4/7
   972 | D:1      | You fall into a shaft and drop 1 floor!
  2083 | D:2      | Noticed Terence
  2102 | D:2      | Killed Terence
  2103 | D:2      | Reached XP level 4. HP: 25/30 MP: 3/9
  2246 | D:2      | Found a radiant altar of Vehumet.
  2246 | D:2      | Found a blossoming altar of Fedhas.
  2247 | D:2      | Found a basalt altar of Yredelemnul.
  2267 | D:2      | Found an iron altar of Okawaru.
  3153 | D:3      | Noticed a necrophage
  3469 | D:3      | Learned a level 3 spell: Mephitic Cloud
  3473 | D:3      | Learned a level 3 spell: Ignite Poison
  3592 | D:3      | Reached XP level 5. HP: 35/35 MP: 2/10
  4614 | D:4      | Noticed Grinder
  4636 | D:4      | Killed Grinder
  4637 | D:4      | Reached skill level 1 in Conjurations
  4637 | D:4      | Reached skill level 1 in Fire Magic
  4637 | D:4      | Reached skill level 1 in Air Magic
  4637 | D:4      | Reached XP level 6. HP: 41/41 MP: 4/12
  4823 | D:4      | Found a broken altar of Ashenzari.
  4902 | D:4      | Noticed Eustachio
  4904 | D:4      | Became a worshipper of Ashenzari the Shackled
  5095 | D:4      | Killed Eustachio
  5096 | D:4      | Reached XP level 7. HP: 44/46 MP: 3/13
  5682 | D:4      | Noticed Robin
  5689 | D:4      | Killed Robin
  5865 | D:5      | Entered Level 5 of the Dungeon
  5916 | D:4      | Learned a level 4 spell: Olgreb's Toxic Radiance
  5950 | D:5      | Identified a scroll of acquirement
  6055 | D:5      | Reached XP level 8. HP: 52/52 MP: 1/15
  6146 | D:5      | Acquired the ring "Guiluh" {rElec rF+}
  6357 | D:5      | Found a snail-covered altar of Cheibriados.
  6357 | D:5      | Found a hide-covered altar of Uskayaw.
  6420 | D:5      | Reached skill level 5 in Spellcasting
  6457 | D:5      | Reached skill level 5 in Poison Magic
  6707 | D:5      | Found Roawoxzum's Serpentskin Sales.
  6915 | D:5      | Noticed Duvessa
  6916 | D:5      | Noticed Dowan
  6922 | D:5      | Killed Dowan
  6922 | D:5      | Killed Duvessa
  7017 | D:5      | Found a staircase to the Ecumenical Temple.
  7090 | D:6      | Found a sacrificial altar of Ru.
  7204 | D:6      | Identified the +1 ring mail of Objectivity {Int+4}
  7275 | D:6      | Reached XP level 9. HP: 43/57 MP: 5/17
  7603 | D:6      | Reached * piety under Ashenzari
  7962 | D:6      | Reached skill level 1 in Fighting
  8391 | D:7      | Identified the +1 leather armour of Wuthupp {Regen+}
  8530 | D:7      | Found a runed translucent gate.
  8530 | D:7      | Found a runed translucent gate.
  8530 | D:7      | Found a runed translucent gate.
  8531 | D:7      | Noticed feelmyfire's ghost (novice MfGl)
  8531 | D:7      | Noticed PeterLawrence's ghost (novice MiBe)
  8636 | D:7      | Reached skill level 1 in Armour
  8651 | D:7      | Reached skill level 1 in Shields
  8920 | D:7      | Found Paesur's Jewellery Emporium.
  9265 | D:8      | Found a flagged portal.
  9269 | D:8      | Reached XP level 10. HP: 66/68 MP: 11/20
  9384 | Bailey   | Entered a bailey
  9702 | D:8      | Noticed a boulder beetle
  9712 | D:8      | Killed a boulder beetle
  9713 | D:8      | Reached skill level 5 in Dodging
  9835 | D:8      | Learned a level 2 spell: Blink
  9840 | D:8      | Learned a level 4 spell: Summon Ice Beast
  9850 | D:8      | Found an ornate altar of the Wu Jian Council.
  9972 | D:8      | Found a sparkling altar of Nemelex Xobeh.
 10019 | D:8      | Found a bloodstained altar of Trog.
 10021 | D:8      | Found a burning altar of Makhleb.
 10021 | D:8      | Found an opulent altar of Gozag.
 10072 | D:8      | Found a staircase to the Lair.
 10136 | D:8      | Reached ** piety under Ashenzari
 10140 | D:8      | Found the +5 scythe "Finisher" {speed, eviscerate}
 10308 | D:8      | Found a shimmering altar of Xom.
 10308 | D:8      | Found a shimmering altar of Xom.
 10309 | D:8      | Found a shimmering altar of Xom.
 10310 | D:8      | Found a shimmering altar of Xom.
 10439 | D:9      | Found a staircase to the Orcish Mines.
 10731 | D:9      | Reached skill level 5 in Transmutations
 10828 | D:9      | Reached skill level 1 in Ice Magic
 10864 | D:9      | Noticed a two-headed ogre
 10878 | D:9      | Killed a two-headed ogre
 10879 | D:9      | Reached skill level 1 in Summonings
 10887 | D:9      | Reached XP level 11. HP: 74/77 MP: 4/22
 11235 | D:9      | Noticed a green ugly thing
 11243 | D:9      | Killed a green ugly thing
 11507 | D:9      | Noticed a two-headed ogre
 11518 | D:9      | Killed a two-headed ogre
 12147 | D:10     | Entered Level 10 of the Dungeon
 13249 | D:5      | Bought the Papyrus of Envenoming for 775 gold pieces
 13256 | D:5      | Learned a level 6 spell: Eringya's Noxious Bog
 13361 | D:11     | Noticed a boulder beetle
 13369 | D:11     | Demolished by a boulder beetle

Illustrated notes

Levels and vault maps discovered:
D:1:      evilmike_arrival_hilbert_curve, layout_loops_ring, minivault_26
D:2:      layout_rooms, okawaru_gym_becter, gammafunk_temple_overflow_claw,
          minmay_misc_feat_alley, uniq_terence
D:3:      minmay_inner_zag, layout_basic
D:4:      layout_loops_ring, nicolae_ashenzari_panopticon, uniq_robin,
          uniq_grinder, uniq_eustachio
D:5:      layout_rooms, gammafunk_temple_overflow_elements,
          minmay_temple_entry_ruins, guppyfry_shop_venom, uniq_duvessa
D:6:      layout_basic, general_overflow_altar, cheibrodos_sewer_entry_bend,
          minmay_liquid_box, minmay_quadrilaterals
D:7:      layout_cave_pools, serial_shops, nicolae_shop_window_shopping,
          gammafunk_ghost_cemetery, minmay_door_square
D:8:      layout_basic, lemuel_doored_altar, xom_redecorated,
          nzn_wu_jian_contemplation, chequers_temple_overflow_statue_of_worship,
          dpeg_oklobed_lair, enter_bailey_2, minmay_guarded_unrand_finisher
D:9:      minmay_opposing_rooms, layout_loops_corners, orc_0_dummy,
          kennysheep_cluttered_room, minmay_strange_pillars, minivault_19
D:10:     layout_loops_cross
D:11:     layout_rooms, guppyfry_shop_earth

Skill      XL: |  1  2  3  4  5  6  7  8  9 10 11 |
---------------+----------------------------------+-----
Transmutations | 1 2 3 4 5 |  5.4
Spellcasting   | 3 4 5 6 7 8 |  8.3
Dodging        | 2 3 4 5 |  5.7
Poison Magic   | 3 4 5 7 8 |  8.3
Conjurations   | 1 2 3 |  3.0
Fire Magic     | 1 2 3 |  3.0
Air Magic      | 1 2 3 |  3.0
Fighting       | 2 4 |  4.5
Armour         | 1 2 |  2.7
Shields        | 1 2 |  2.7
Ice Magic      | 1 2 |  2.0
Summonings     | 1 2 |  2.0
Stealth        | |  1.5

Action                   |  1- 3 |  4- 6 |  7- 9 | 10-12 || total
-------------------------+-------+-------+-------+-------++-------
Melee: Whip              |    14 |     8 |       |       ||    22
       Unarmed           |     1 |       |       |       ||     1
       Falchion          |       |    11 |   124 |    88 ||   223
 Cast: Sting             |    73 |   118 |    53 |    43 ||   287
       Poisonous Vapours |       |     3 |    24 |    17 ||    44
       Mephitic Cloud    |       |     2 |     8 |    27 ||    37
       Ignite Poison     |       |     1 |     5 |    15 ||    21
       Olgreb's Toxic Ra |       |       |    14 |    17 ||    31
Invok: Curse Item        |       |       |     2 |     2 ||     4
Evoke: Wand              |       |       |       |     1 ||     1
  Use: Scroll            |       |     1 |     1 |       ||     2
 Stab: Sleeping          |       |       |     1 |       ||     1
       Confused          |       |       |       |     1 ||     1
Armor: Robe              |    12 |     9 |    15 |       ||    36
       Ring mail         |       |       |    21 |       ||    21
       Leather armour    |       |       |     9 |    23 ||    32
       Troll leather arm |       |       |       |    32 ||    32
Dodge: Dodged            |    41 |    47 |   103 |   137 ||   328
       Rpst.: Falchion   |       |     2 |    31 |    20 ||    53

Table legend: (Time is in decaauts)
 A = Elapsed time spent in this place.
 B = Non-inter-level travel time spent in this place.
 C = Inter-level travel time spent in this place.
 D = Time resting spent in this place.
 E = Time spent auto-exploring this place.
 F = Levels seen in this place.
 G = Mean time per level.
                   A        B        C        D        E       F      G
               +--------+--------+--------+--------+--------+-----+--------+
         Total |  13456 |  12951 |    505 |   1514 |   8978 |  12 | 1121.3 |
       Dungeon |  13167 |  12662 |    505 |   1411 |   8978 |  11 | 1197.0 |
        Bailey |    289 |    289 |      0 |    103 |      0 |   1 |  289.0 |
               +--------+--------+--------+--------+--------+-----+--------+

Top non-repeatable levels by time:
     D:3: 1770 daAuts
     D:9: 1731 daAuts
     D:4: 1503 daAuts
     D:1: 1495 daAuts
     D:6: 1299 daAuts
     D:5: 1214 daAuts
     D:2: 1186 daAuts
    D:10: 1050 daAuts
     D:8: 965 daAuts
     D:7: 940 daAuts
  Bailey: 289 daAuts
    D:11: 8 daAuts
